Map: Vaani Research Station (Void)

Players

Scarlett - Winner!

  • Race: Zerg Zerg
  • Spawn Location: 12:00

Elazer

  • Race: Zerg Zerg
  • League: Grandmaster
  • Spawn Location: 6:00

Event: NationWars IV

VOD

Have the link to the VOD?

Description

Time

  • Played on: Jan. 21, 2017, 10:53 a.m.
  • Length: 6:26

All games in this series

Show
View Real Time Build Order
Export as new Build Order

Scarlett Zerg - Winner!

Build Orders: Hatch First 

Get SALT Encoding   

  12  0:00  Drone  
  13  0:12  Overlord  
  13  0:18  Drone  
  14  0:31  Drone x2  
  14  0:34  Drone  
  17  0:52  Hatchery  
  17  0:55  Drone  
  17  0:58  Drone  
  18  1:07  Extractor  
  17  1:14  Spawning Pool  
  17  1:17  Drone  
  17  1:21  Drone  
  18  1:29  Drone  
  19  1:38  Overlord  
  19  1:51  Drone  
  20  2:00  Queen  
  20  2:01  Zergling x2  
  23  2:04  Zergling x2, Queen  
  26  2:09  Metabolic Boost  
  26  2:12  Drone  
  26  2:15  Drone  
  28  2:22  Drone  
  29  2:26  Drone  
  30  2:39  Hatchery  
  30  2:43  Drone  
  30  2:44  Drone  
  30  2:49  Overlord  
  31  2:57  Overlord  
  31  2:59  Zergling x4  
  34  3:05  Zergling x2  
  34  3:10  Zergling x8  
  38  3:14  Zergling x4  
  38  3:17  Zergling x2  
  38  3:19  Zergling x2  
  42  3:32  Roach Warren  
  41  3:36  Drone x3  
  44  3:44  Overlord  
  44  3:45  Zergling x6  
  46  3:49  Zergling x2  
  46  3:53  Zergling x2  
  45  4:03  Zergling x2  
  38  4:18  Roach x7  
  38  4:20  Queen  
  38  4:24  Roach  
  55  4:28  Roach  
  56  4:34  Roach x2  
  60  4:41  Roach  
  60  4:44  Overlord x2  
  62  4:59  Baneling Nest  
  57  5:01  Zergling x10  
  57  5:06  Roach  
  64  5:08  Zergling x4  
  64  5:13  Roach  
  68  5:17  Zergling x6  
  71  5:22  Zergling x2  
  71  5:23  Zergling x2  
  71  5:25  Zergling x2  
  74  5:29  Zergling x4  
  74  5:33  Zergling x4  
  78  5:38  Overlord  
  78  5:48  Zergling x2  
  78  5:49  Zergling x6  
  81  5:54  Zergling x2  
  81  5:55  Zergling x4  
  81  6:05  Ravager  
  81  6:06  Zergling x8  
Show
View Real Time Build Order
Export as new Build Order

Elazer Zerg 

Build Orders: Hatch First 

Get SALT Encoding   

  12  0:00  Drone  
  13  0:12  Overlord  
  13  0:17  Drone  
  14  0:30  Drone  
  14  0:31  Drone  
  14  0:34  Drone  
  17  0:52  Hatchery  
  17  0:55  Drone  
  17  0:58  Drone  
  18  1:09  Extractor  
  17  1:13  Spawning Pool  
  17  1:16  Drone  
  17  1:19  Drone  
  18  1:28  Drone  
  19  1:39  Overlord  
  19  1:49  Drone  
  20  1:59  Queen  
  20  2:00  Drone  
  23  2:03  Queen  
  23  2:04  Zergling x2  
  26  2:08  Metabolic Boost  
  26  2:10  Drone  
  26  2:15  Drone  
  28  2:21  Drone  
  29  2:27  Zergling x2  
  30  2:33  Drone  
  31  2:37  Drone  
  31  2:43  Hatchery  
  31  2:48  Drone x2  
  33  2:54  Baneling Nest, Drone  
  33  2:59  Overlord  
  33  3:04  Drone  
  34  3:09  Drone  
  34  3:10  Drone  
  36  3:17  Zergling x8  
  36  3:18  Drone  
  36  3:19  Drone  
  42  3:28  Overlord  
  42  3:30  Drone  
  43  3:39  Drone  
  44  3:44  Baneling x2  
  44  3:48  Zergling x14  
  47  3:57  Queen x2  
  47  3:59  Zergling x4  
  47  4:02  Zergling x2  
  47  4:07  Zergling x2  
  47  4:08  Zergling x2  
  45  4:16  Overlord  
  43  4:17  Drone  
  43  4:20  Drone  
  46  4:24  Zergling x2  
  46  4:26  Zergling x2  
  45  4:33  Overlord  
  45  4:36  Zergling x2  
  45  4:37  Zergling x2  
  47  4:41  Overlord  
  47  4:42  Zergling x2  
  50  4:45  Drone x2  
  50  4:50  Extractor  
  48  4:55  Roach Warren  
  48  4:59  Spine Crawler  
  46  5:01  Zergling x4  
  48  5:10  Zergling x8  
  52  5:20  Overlord  
  53  5:28  Overlord  
  55  5:35  Roach  
  55  5:36  Roach x6  
  55  5:40  Roach  
  70  5:43  Roach  
  70  5:47  Roach  
  70  5:50  Roach  
  70  5:52  Roach  
  68  6:01  Roach x3  
  71  6:09  Zergling x2  
Tags
 
Add a new tag
Caveats
  • Supply blocks, unpowered buildings, or Contaminate may cause inaccurate times.
  • Supply counts are checked every 10 seconds.